AoeStats
← Goku_San

Black Forest

510539856Analyzed
3v3 RM · 21h ago on Oct 1, 2026· 65m 59s· 6 players
Game mode
Random Map
Map size
Normal (6 player)
Population
200
Speed
Normal
Resources
Standard
Victory
Conquest
Starting age
Dark Age
Ending age
Imperial Age
RankedLock teamsTeams togetherTeam positionsShared explorationLock speedFull tech treeHidden civsTurbo modeCheats
Victory
Defeat
🇮🇱 Slavs · Israel
1302
+15
🇦🇺 Khitans · Australia
1293
+16
🇺🇸 Teutons · United States
1282
+16
🇵🇱 Romans · Poland
1326
-17
🇵🇱 Lithuanians · Poland
1298
-16
🇨🇴 Teutons · Colombia
1244
-14
Goku_San
6:05 Loom
9:53 Feudal Age
10:23 Double-Bit Axe
14:30 Castle Age
13:07 Horse Collar
21:01 Wheelbarrow
22:12 Bow Saw
22:23 Heavy Plow
23:02 Gold Mining
23:35 Hand Cart
23:45 Stone Mining
25:26 Gold Shaft Mining
28:44 Imperial Age
27:18 Pikeman
27:58 Squires
28:02 Scale Mail Armor
28:12 Forging
29:11 Chain Mail Armor
28:50 Halberdier
29:57 Conscription
29:08 Onager
30:35 Iron Casting
31:27 Two-Man Saw
31:50 Chemistry
31:28 Plate Mail Armor
33:36 Siege Engineers
33:39 Siege Onager
35:25 Blast Furnace
35:38 Man-at-Arms
37:24 Druzhina
42:15 Long Swordsman
54:09 Two-Handed Swordsman
55:17 Champion
sbr
0:29 Loom
11:58 Feudal Age
16:10 Castle Age
14:34 Double-Bit Axe
14:44 Horse Collar
17:07 Bow Saw
20:27 Fishing Lines
24:43 Gillnets
25:55 Gold Mining
26:16 Stone Mining
30:24 Imperial Age
28:22 Town Watch
28:40 Scale Mail Armor
28:50 Forging
28:35 Pikeman
29:15 Squires
29:00 Arson
31:35 Chain Mail Armor
31:55 Iron Casting
32:20 Wheelbarrow
31:36 Gambesons
33:24 Two-Man Saw
32:42 Onager
33:47 Conscription
34:53 Chemistry
34:04 Masonry
34:46 Plate Mail Armor
35:28 Hand Cart
35:38 Ironclad
34:43 Halberdier
36:33 Blast Furnace
35:42 Capped Ram
36:37 Man-at-Arms
37:44 Caravan
37:52 Fletching
38:09 Long Swordsman
39:00 Two-Handed Swordsman
40:41 Crenellations
40:05 Champion
44:00 Siege Engineers
46:43 Bodkin Arrow
46:27 Siege Onager
48:08 Padded Archer Armor
54:21 Ballistics
54:12 Fortified Wall
56:31 Coinage
56:12 Guilds
55:26 Elite Teutonic Knight
59:59 Bloodlines
59:09 Cavalier
63:23 Paladin
the black fella
0:58 Loom
14:04 Feudal Age
15:06 Fishing Lines
16:42 Double-Bit Axe
20:55 Castle Age
20:12 Domestication
21:52 Bow Saw
22:56 Wheelbarrow
24:35 Gillnets
25:02 Town Watch
25:44 Scale Barding Armor
25:48 Pastoralism
27:40 Gold Mining
29:12 Hand Cart
33:35 Imperial Age
32:47 Forging
33:02 Chain Barding Armor
33:04 Scale Mail Armor
34:04 Iron Casting
35:06 Transhumance
35:38 Two-Man Saw
34:48 Ordo Cavalry
35:03 Conscription
35:24 Plate Barding Armor
35:18 Husbandry
35:29 Caravan
37:05 Guilds
36:58 Elite Steppe Lancer
39:42 Heavy Camel Rider
40:43 Chain Mail Armor
41:23 Coinage
44:09 Plate Mail Armor
43:47 Lamellar Armor
43:41 Elite Liao Dao
46:01 Fletching
48:51 Banking
51:10 Squires
50:55 Arson
53:24 Capped Ram
55:17 Siege Engineers
56:15 Chemistry
54:58 Siege Ram
Duchu
0:28 Loom
11:55 Feudal Age
16:22 Castle Age
14:18 Double-Bit Axe
14:15 Horse Collar
23:07 Bow Saw
23:58 Heavy Plow
24:31 Stone Mining
25:37 Gold Mining
25:49 Pikeman
26:36 Town Watch
27:54 Wheelbarrow
29:03 Gold Shaft Mining
32:51 Imperial Age
30:44 Ballistics
30:53 Squires
31:51 Hand Cart
31:39 Scale Mail Armor
31:49 Forging
33:10 Ballistas
33:19 Heavy Scorpion
33:22 Halberdier
34:37 Chain Mail Armor
34:57 Iron Casting
35:56 Chemistry
37:36 Scale Barding Armor
38:31 Blast Furnace
37:20 Elite Centurion
40:01 Chain Barding Armor
39:28 Cavalier
42:13 Husbandry
41:44 Light Cavalry
42:49 Bloodlines
44:22 Comitatenses
wiesiek
1:21 Loom
12:42 Feudal Age
13:34 Double-Bit Axe
14:14 Fishing Lines
17:06 Castle Age
16:41 Double-Bit Axe
19:16 Bow Saw
19:34 Horse Collar
20:36 Heavy Plow
21:27 Wheelbarrow
21:27 Gillnets
22:51 Gold Mining
23:29 Hand Cart
24:54 Stone Mining
26:32 Stone Shaft Mining
30:35 Imperial Age
29:35 Scale Barding Armor
29:40 Forging
30:14 Town Watch
31:38 Chain Barding Armor
31:53 Iron Casting
31:19 Guard Tower
31:42 Fortified Wall
31:28 Murder Holes
31:44 Masonry
31:14 Treadmill Crane
33:09 Plate Barding Armor
32:59 Conscription
32:00 Elite Leitis
32:41 Tower Shields
33:24 Bloodlines
33:14 Husbandry
32:36 Cavalier
35:20 Paladin
35:30 Light Cavalry
36:31 Tower Shields
37:11 Winged Hussar
42:41 Scale Mail Armor
46:49 Caravan
47:21 Coinage
47:01 Guilds
49:56 Padded Archer Armor
49:46 Fletching
49:38 Elite Skirmisher
52:48 Two-Man Saw
53:03 Leather Archer Armor
53:14 Thumb Ring
Dieguisss<3
10:33 Feudal Age
15:49 Castle Age
14:25 Double-Bit Axe
15:40 Horse Collar
18:25 Wheelbarrow
20:39 Fishing Lines
21:32 Town Watch
21:41 Loom
22:29 Gold Mining
25:19 Gillnets
26:07 Hand Cart
26:16 Stone Mining
29:14 Imperial Age
27:54 Scale Barding Armor
28:06 Bow Saw
29:17 Chain Barding Armor
28:58 Heavy Plow
29:00 Squires
29:27 Masonry
30:04 Sanctity
29:31 Gambesons
30:32 Stone Shaft Mining
30:09 Caravan
30:21 Forging
30:12 Scale Mail Armor
29:57 Man-at-Arms
29:58 Pikeman
30:27 Arson
31:51 Iron Casting
30:43 Long Swordsman
30:47 Halberdier
32:34 Chemistry
31:26 Two-Handed Swordsman
32:17 Capped Ram
32:36 Champion
33:38 Conscription
34:11 Chain Mail Armor
34:28 Ballistics
36:53 Blast Furnace
36:24 Plate Mail Armor
36:48 Onager
37:34 Siege Engineers
37:15 Arrowslits
38:38 Coinage
38:18 Town Patrol
38:40 Ironclad
41:10 Crenellations
41:32 Fletching
42:18 Plate Barding Armor
46:58 Hoardings
47:37 Two-Man Saw
51:55 Guard Tower
59:42 Heavy Scorpion
Connection lost

Rejoining the realm…

Still unreachable

The connection could not be restored.

Session expired

The server has moved on; the page needs a fresh start.